 Dungeon Crawl Stone Soup version 0.24.0-123-gd5b16e6ec5 (webtiles) character file.

Game seed: 2614766528262617344, levelgen mode: deterministic

17660 FishyPogo the Nimble (level 12, -9/92 HPs)
             Began as a Gnoll Wanderer on Jan 2, 2020.
             Was the Champion of Ru.
             Mangled by an orc knight
             ... wielding a +0 halberd
              (21 damage)
             ... in a bailey.
             The game lasted 01:06:53 (15019 turns).

FishyPogo the Nimble (Gnoll Wanderer)              Turns: 15019, Time: 01:06:54

Health: -9/92      AC: 10    Str: 23    XL:     12   Next: 50%
Magic:  22/22      EV: 24    Int: 16    God:    Ru [******]
Gold:   931        SH:  0    Dex: 22    Spells: 15/24 levels left

rFire    + + +     SeeInvis .   a - +5 falchion (drain)
rCold    + . .     Gourm    +   Y - +2 shield {rC+ rF+}
rNeg     . . .     Faith    .   C - +2 robe {rF+}
rPois    .         Spirit   .   (no helmet)
rElec    .         Reflect  .   s - scarf {repulsion}
rCorr    +         Harm     .   Z - +0 pair of gloves of Duexit {rF+ rCorr} (curse)
MR       .....                  f - +2 pair of boots
Stlth    +++.......             j - amulet of the gourmand
HPRegen  0.25/turn              x - ring "Gefe" {AC+1 Str+3 Dex+4}
MPRegen  0.18/turn              J - ring of resist corrosion

@: confused, agile, exhausted, repel missiles
A: distributed training, fangs 1, hated by all, no conjurations magic, no fire
magic, no necromancy magic, unskilled 1, inexperienced 1, strong nose
a: Draw Out Power, Power Leap, Apocalypse, Renounce Religion


You were in a bailey.
You worshipped Ru.
Ru was exalted by your worship.
You were completely stuffed.

You visited 1 branch of the dungeon, and saw 12 of its levels.
You also visited: Ossuary and Bailey.

You collected 1202 gold pieces.
You spent 271 gold pieces at shops.

Inventory:

Hand Weapons
 a - a +5 falchion of draining (weapon)
 b - a +6 dire flail
 o - a +2 quarterstaff of pain
 X - a cursed +8 battleaxe
Missiles
 e - 492 stones
 n - 7 boomerangs (quivered)
 p - 12 atropa-tipped darts
 y - 7 javelins
 A - 16 poisoned darts
 L - 3 throwing nets
Armour
 c - the cursed +1 plate armour of Greed {-Tele rCorr Str+3}
   (You took it off a tengu warrior on level 9 of the Dungeon)

   It affects your strength (+3).
   It prevents most forms of teleportation.
   It provides partial protection from all sources of acid and corrosion.
   It has a curse placed upon it.
 f - a +2 pair of boots (worn)
 s - a scarf of repulsion (worn)
 C - a +2 robe of fire resistance (worn)
 Y - a +2 shield of resistance (worn)
 Z - the cursed +0 pair of gloves of Duexit (worn) {rF+ rCorr}
   (You found it on level 9 of the Dungeon)

   It protects you from fire.
   It provides partial protection from all sources of acid and corrosion.
   It has a curse placed upon it.
Jewellery
 j - an amulet of the gourmand (around neck)
 l - an uncursed ring of positive energy
 v - the ring "Faorulug" {*Tele MR+}
   (You found it on level 4 of the Dungeon)

   [ring of teleportation]

   It may teleport you next to monsters.
   It affects your resistance to hostile enchantments.
 x - the ring "Gefe" (left hand) {AC+1 Str+3 Dex+4}
   (You bought it in a shop on level 10 of the Dungeon)

   [ring of protection]

   It affects your AC (+1).
   It affects your strength (+3).
   It affects your dexterity (+4).
 H - a +3 ring of strength
 J - a ring of resist corrosion (right hand)
 W - an uncursed ring of protection from cold
Wands
 u - a wand of acid (33)
 N - a wand of paralysis (9)
 P - a wand of iceblast (12)
 R - a wand of disintegration (16)
 S - a wand of scattershot (3)
Scrolls
 g - a scroll of magic mapping
 k - 3 scrolls of identify
 m - 4 scrolls of fear
 w - 3 scrolls of immolation
 G - 9 scrolls of teleportation
 I - 7 scrolls of remove curse
 M - 3 scrolls of enchant weapon
 Q - a scroll of blinking
 T - a scroll of acquirement {unknown}
 U - a scroll of enchant armour
Potions
 h - 2 potions of heal wounds
 i - 16 potions of curing
 q - 2 potions of might
 r - 5 potions of lignification
 t - 4 potions of brilliance {unknown}
 z - 6 potions of flight
 D - a potion of resistance
 F - 3 potions of invisibility
 K - a potion of magic
Comestibles
 d - 30 rations
 B - 25 chunks of flesh


   Skills:
 + Level 8.1 Fighting
 + Level 6.8 Short Blades
 + Level 8.1 Long Blades
 + Level 6.8 Axes
 + Level 6.8 Maces & Flails
 + Level 6.8 Polearms
 + Level 6.8 Staves
 + Level 6.8 Slings
 + Level 6.8 Bows
 + Level 6.8 Crossbows
 + Level 7.2 Throwing
 + Level 6.8 Armour
 + Level 9.1 Dodging
 + Level 7.2 Stealth
 + Level 7.2 Shields
 + Level 6.8 Unarmed Combat
 + Level 6.8 Spellcasting
   Level 0.0 Conjurations
 + Level 5.6 Hexes
 + Level 5.6 Charms
 + Level 5.6 Summonings
   Level 0.0 Necromancy
 + Level 5.6 Translocations
 + Level 5.6 Transmutations
   Level 0.0 Fire Magic
 + Level 5.6 Ice Magic
 + Level 5.6 Air Magic
 + Level 5.6 Earth Magic
 + Level 5.6 Poison Magic
 + Level 7.4 Invocations
 + Level 6.8 Evocations


You had 15 spell levels left.
You knew the following spells:

 Your Spells              Type           Power        Failure   Level  Hunger
k - Aura of Abjuration    Summ           ###.......   67%         5    #####..
u - Spider Form           Tmut/Pois      ###.......   10%         3    ##.....
y - Beastly Appendage     Tmut           ###...       3%          1    None

Your spell library contained the following spells:

 Spells                   Type           Power        Failure   Level  Hunger
 Ice Form                 Ice/Tmut       ###.....     32%         4    ####...
 Blade Hands              Tmut           ###.......   67%         5    #####..
 Sticks to Snakes         Tmut           Unusable     N/A         2    N/A
 Recall                   Summ/Tloc      Unusable     N/A         3    N/A
 Summon Demon             Summ           Unusable     N/A         5    N/A
 Summon Forest            Summ/Tloc      Unusable     N/A         5    N/A
 Summon Mana Viper        Hex/Summ       Unusable     N/A         5    N/A
 Shadow Creatures         Summ           Unusable     N/A         6    N/A

Dungeon Overview and Level Annotations

Branches:
Dungeon (12/15)            Temple (0/1) D:6            Lair (0/6) D:9
    Orc (0/2) D:11        Ossuary (visited)          Bailey (1/1)

Altars:
Ashenzari
Cheibriados
Kikubaaqudgha
Makhleb
Nemelex Xobeh
Qazlal
Ru
Yredelemnul

Shops:
D:6 =   D:10 =

Annotations:
D:5 Grinder


Innate Abilities, Weirdness & Mutations

Your experience applies equally to all skills.
You have very sharp teeth.
You are hated by all.
You cannot study or cast Conjurations magic.
You cannot study or cast Fire magic.
You cannot study or cast Necromancy magic.
You are somewhat unskilled. (-1 Apt)
You are somewhat inexperienced. (-2 XL)
Your uncanny sense of smell can sniff out nearby items.


Message History

You feel invigorated.
The orc knight no longer looks unusually strong.
The orc knight hits you with a +0 halberd!
* * * LOW HITPOINT WARNING * * *
You focus your will and illuminate the orc knight in retribution!
You redirect the orc knight's attack!
The orc knight hits itself with a +0 trident!!
You closely miss the orc knight.
You bite the orc knight, but do no damage.
The orc knight is almost dead.
The orc knight hits you with a +0 halberd!
* * * LOW HITPOINT WARNING * * *
Unknown command.
You hit the orc knight.
The orc knight is almost dead.
The orc knight hits you with a +0 trident.
* * * LOW HITPOINT WARNING * * *
You focus your will and blind the orc knight in retribution!
The orc knight hits you with a +0 halberd!!
You die...

#.......#
#.......#
##.....##
###'###
#...#
#...#
#...#
#))o#
###@###
##..o..##
#.......#
#.......#
#...))).#
#....).)#
#...))))#
##.....##
##'o'##


You could see 2 orc knights.

Vanquished Creatures
  4 two-headed ogres
  2 tengu warriors (D:9)
  Pikel (D:7)
  An ugly thing (D:9)
  Maurice (D:8)
  A gargoyle (D:11)
  3 centaur skeletons (D:11)
  A komodo dragon (D:9)
  3 trolls
  A hornet (D:11)
  5 hippogriffs
  2 shadows
  4 yaks
  Sigmund (D:5)
  A wyvern (D:11)
  A wraith (D:5)
  Eustachio (D:4)
  A human (D:8)
  A hungry ghost (D:8)
  Duvessa (D:6)
  2 water moccasins
  12 orc warriors
  3 ice beasts
  3 sky beasts
  4 slaves (D:7)
  A black bear (D:8)
  3 phantoms
  15 ogres
  5 centaurs
  2 necrophages
  A crocodile (D:9)
  3 big kobolds
  A gnoll sergeant (D:6)
  7 bullfrogs
  A wyvern zombie (D:9)
  Dowan (D:6)
  2 water moccasin skeletons (D:8)
  11 scorpions
  11 killer bees
  15 wights
  5 howler monkeys
  2 crimson imps
  5 centaur zombies
  3 bullfrog zombies
  6 hounds
  A quasit (D:11)
  10 orc priests
  2 bullfrog skeletons
  3 jellies
  3 human zombies (Ossuary)
  4 iron imps
  Crazy Yiuf (D:4)
  6 iguanas
  22 orc wizards
  8 worker ants
  A killer bee zombie (D:5)
  3 hound zombies
  3 mummies (Ossuary)
  2 hound skeletons
  5 worker ant zombies
  14 gnolls
  5 scorpion zombies (Ossuary)
  12 adders
  A howler monkey skeleton (D:8)
  2 shadow imps (D:6)
  2 oozes
  2 adder skeletons (D:4)
  An adder zombie (D:9)
  3 dart slugs
  5 leopard geckos
  83 orcs
  13 giant cockroaches
  2 gnoll zombies (Ossuary)
  11 goblins
  14 hobgoblins
  8 jackals
  19 kobolds
  6 quokkas
  A ball python skeleton (D:5)
  5 bats
  11 frilled lizards
  4 goblin zombies (Ossuary)
  A hobgoblin zombie (Ossuary)
  2 jackal zombies
  A kobold skeleton (D:8)
  2 kobold zombies (Ossuary)
  A quokka skeleton (D:9)
  10 rats
475 creatures vanquished.

Vanquished Creatures (others)
  A centaur warrior (D:9)
  A gargoyle (D:11)
  A steam dragon (D:8)
  An ogre (D:8)
  A wight (D:7)
  A bullfrog zombie (D:9)
  4 toadstools (D:1)
10 creatures vanquished.

Grand Total: 485 creatures vanquished

Notes
Turn   | Place    | Note
-------+----------+-------------------------------------------
     0 | D:1      | FishyPogo the Gnoll Wanderer began the quest for the Orb.
     0 | D:1      | FishyPogo set off with the following items: a +2 falchion,
                  | 2 potions of curing, a +0 robe, a ration
     0 | D:1      | Reached XP level 1. HP: 20/20 MP: 1/1
   126 | D:1      | Reached XP level 2. HP: 22/26 MP: 2/2
   424 | D:1      | Reached XP level 3. HP: 31/31 MP: 3/3
   855 | D:2      | Found a stormy altar of Qazlal.
   856 | D:2      | Found a sparkling altar of Nemelex Xobeh.
   897 | D:2      | Reached skill level 1 in Invocations
   935 | D:2      | Reached skill level 1 in Short Blades
   935 | D:2      | Reached skill level 1 in Axes
   935 | D:2      | Reached skill level 1 in Maces & Flails
   935 | D:2      | Reached skill level 1 in Polearms
   935 | D:2      | Reached skill level 1 in Staves
   935 | D:2      | Reached skill level 1 in Slings
   935 | D:2      | Reached skill level 1 in Bows
   935 | D:2      | Reached skill level 1 in Crossbows
   935 | D:2      | Reached skill level 1 in Armour
   935 | D:2      | Reached skill level 1 in Unarmed Combat
   935 | D:2      | Reached skill level 1 in Spellcasting
   935 | D:2      | Reached skill level 1 in Evocations
   940 | D:2      | Reached XP level 4. HP: 36/38 MP: 5/5
  1379 | D:3      | Reached skill level 1 in Conjurations
  1379 | D:3      | Reached skill level 1 in Hexes
  1379 | D:3      | Reached skill level 1 in Charms
  1379 | D:3      | Reached skill level 1 in Summonings
  1379 | D:3      | Reached skill level 1 in Necromancy
  1379 | D:3      | Reached skill level 1 in Translocations
  1379 | D:3      | Reached skill level 1 in Transmutations
  1379 | D:3      | Reached skill level 1 in Fire Magic
  1379 | D:3      | Reached skill level 1 in Ice Magic
  1379 | D:3      | Reached skill level 1 in Air Magic
  1379 | D:3      | Reached skill level 1 in Earth Magic
  1379 | D:3      | Reached skill level 1 in Poison Magic
  1379 | D:3      | Reached XP level 5. HP: 27/43 MP: 6/6
  1508 | D:3      | Found a sacrificial altar of Ru.
  1549 | D:3      | Became a worshipper of Ru the Awakened
  1626 | D:3      | Reached XP level 6. HP: 15/50 MP: 8/8
  2394 | D:3      | Reached skill level 5 in Fighting
  2394 | D:3      | Reached skill level 5 in Long Blades
  2863 | D:4      | Got a brightly glowing bone ring
  2866 | D:4      | Identified the ring "Faorulug" {*Tele MR+} (You found it on
                  | level 4 of the Dungeon)
  2983 | D:4      | Found a shattered altar of Ashenzari.
  3006 | D:4      | Noticed an ice beast
  3039 | D:4      | Killed an ice beast
  3039 | D:4      | Reached skill level 7 in Dodging
  3039 | D:4      | Reached XP level 7. HP: 17/56 MP: 10/10
  3551 | D:4      | Gained mutation: You are somewhat unskilled. (-1 Apt) [Ru
                  | sacrifice]
  3551 | D:4      | Reduced skill Dodging to level 6
  3551 | D:4      | Reached * piety under Ru
  3606 | D:4      | Noticed Eustachio
  3622 | D:4      | Killed Eustachio
  3622 | D:4      | Reached skill level 5 in Fighting
  3622 | D:4      | Reached skill level 5 in Long Blades
  3622 | D:4      | Reached XP level 8. HP: 50/62 MP: 11/11
  3791 | D:4      | Found a runed translucent door.
  3792 | D:4      | Noticed Crazy Yiuf
  3902 | D:4      | Killed Crazy Yiuf
  4099 | D:5      | Entered Level 5 of the Dungeon
  4121 | D:5      | Noticed Sigmund
  4149 | D:5      | Killed Sigmund
  4765 | D:5      | Noticed Grinder
  4898 | D:6      | Reached XP level 9. HP: 65/68 MP: 12/14
  4971 | D:5      | Reached skill level 7 in Dodging
  5125 | D:6      | Found Xozegid's Jewellery Shop.
  5235 | D:6      | Found a snail-covered altar of Cheibriados.
  5289 | D:5      | HP: 3/68 [poisoned by a water moccasin]
  5714 | D:6      | Noticed Duvessa
  5734 | D:6      | Noticed Dowan
  5741 | D:6      | Killed Duvessa
  5751 | D:6      | Killed Dowan
  6010 | D:6      | Found a staircase to the Ecumenical Temple.
  6302 | D:6      | HP: 1/69 [hobgoblin (3)]
  6861 | D:6      | Reached XP level 10. HP: 76/76 MP: 16/16
  6862 | D:6      | Gained mutation: You are somewhat inexperienced. (-2 XL)
                  | [Ru sacrifice]
  6862 | D:6      | Reached XP level 9. HP: 69/69 MP: 15/15
  6862 | D:6      | Reached XP level 8. HP: 64/64 MP: 14/14
  6862 | D:6      | Reached ** piety under Ru
  6862 | D:6      | Reached *** piety under Ru
  6862 | D:6      | Reached **** piety under Ru
  6898 | D:7      | Found a sand-covered staircase.
  6911 | Ossuary  | Entered an ossuary
  6958 | Ossuary  | Reached skill level 5 in Throwing
  6958 | Ossuary  | Reached skill level 5 in Shields
  7082 | Ossuary  | Reached skill level 5 in Stealth
  7314 | D:7      | Reached skill level 5 in Invocations
  7461 | D:7      | Reached XP level 9. HP: 62/69 MP: 15/15
  7968 | D:7      | Gained mutation: You are hated by all. [Ru sacrifice]
  7968 | D:7      | Reached ***** piety under Ru
  8077 | D:7      | Noticed Pikel
  8098 | D:7      | Killed Pikel
  8310 | D:7      | Reached skill level 5 in Short Blades
  8310 | D:7      | Reached skill level 5 in Axes
  8310 | D:7      | Reached skill level 5 in Maces & Flails
  8310 | D:7      | Reached skill level 5 in Polearms
  8310 | D:7      | Reached skill level 5 in Staves
  8310 | D:7      | Reached skill level 5 in Slings
  8310 | D:7      | Reached skill level 5 in Bows
  8310 | D:7      | Reached skill level 5 in Crossbows
  8310 | D:7      | Reached skill level 5 in Armour
  8310 | D:7      | Reached skill level 5 in Unarmed Combat
  8310 | D:7      | Reached skill level 5 in Spellcasting
  8310 | D:7      | Reached skill level 5 in Evocations
  8552 | D:8      | Reached XP level 10. HP: 77/77 MP: 17/17
  8713 | D:8      | Reached skill level 8 in Dodging
  9775 | D:8      | Noticed Maurice
  9820 | D:8      | Killed Maurice
  9868 | D:8      | Found a runed translucent door.
  9875 | D:8      | Found a basalt altar of Yredelemnul.
 10381 | D:8      | Gained mutation: You cannot study or cast Fire magic. [Ru
                  | sacrifice]
 10381 | D:8      | Gained mutation: You cannot study or cast Necromancy magic.
                  | [Ru sacrifice]
 10381 | D:8      | Gained mutation: You cannot study or cast Conjurations
                  | magic. [Ru sacrifice]
 10381 | D:8      | Reached ****** piety under Ru
 10554 | D:9      | Found a staircase to the Lair.
 10586 | D:9      | Reached XP level 11. HP: 84/84 MP: 19/19
 10717 | D:9      | Found an ancient bone altar of Kikubaaqudgha.
 10767 | D:9      | Noticed a two-headed ogre
 10777 | D:9      | Killed a two-headed ogre
 10879 | D:9      | Found a burning altar of Makhleb.
 11352 | D:9      | Noticed a two-headed ogre
 11363 | D:9      | Killed a two-headed ogre
 11775 | D:9      | Noticed a green ugly thing
 11823 | D:9      | Noticed a tengu warrior
 11831 | D:9      | Killed a green ugly thing
 11859 | D:9      | Killed a tengu warrior
 11859 | D:9      | Reached skill level 5 in Hexes
 11859 | D:9      | Reached skill level 5 in Charms
 11859 | D:9      | Reached skill level 5 in Summonings
 11859 | D:9      | Reached skill level 5 in Translocations
 11859 | D:9      | Reached skill level 5 in Transmutations
 11859 | D:9      | Reached skill level 5 in Ice Magic
 11859 | D:9      | Reached skill level 5 in Air Magic
 11859 | D:9      | Reached skill level 5 in Earth Magic
 11859 | D:9      | Reached skill level 5 in Poison Magic
 12014 | D:9      | Identified the cursed +1 plate armour of Greed {-Tele rCorr
                  | Str+3}
 12014 | D:9      | Noticed a tengu warrior
 12021 | D:9      | Noticed a centaur warrior
 12375 | D:9      | Killed a tengu warrior
 12489 | D:9      | Noticed a two-headed ogre
 12513 | D:9      | Killed a two-headed ogre
 12533 | D:9      | Killed a centaur warrior
 12619 | D:9      | Got a pair of ichor-stained gloves
 12630 | D:9      | Identified the cursed +0 pair of gloves of Duexit {rF+
                  | rCorr} (You found it on level 9 of the Dungeon)
 12754 | D:10     | Entered Level 10 of the Dungeon
 12973 | D:10     | Reached XP level 12. HP: 92/92 MP: 21/21
 13045 | D:10     | Found Pukif's Jewellery Shop.
 13545 | D:10     | Bought the ring "Gefe" {AC+1 Str+3 Dex+4} for 271 gold
                  | pieces
 13645 | D:11     | Noticed a two-headed ogre
 13653 | D:11     | Killed a two-headed ogre
 13672 | D:11     | Learned a level 1 spell: Beastly Appendage
 13676 | D:11     | Learned a level 3 spell: Spider Form
 13682 | D:11     | Learned a level 5 spell: Aura of Abjuration
 13814 | D:11     | Reached skill level 9 in Dodging
 14558 | D:11     | Found a staircase to the Orcish Mines.
 14853 | D:12     | Found a flagged portal.
 14857 | Bailey   | Entered a bailey
 15019 | Bailey   | Mangled by an orc knight

Levels and vault maps discovered:
D:1:      dpeg_arrival_prison, layout_basic, minivault_4,
          minmay_gold_behind_fungi
D:2:      layout_rooms, grunt_temple_overflow_open
D:3:      layout_loops_cross, nicolae_ru_great_annihilating_truth,
          glass_columns_c
D:4:      layout_loops_ring, first_ration, hangedman_abyss_or_decor_stabs,
          cheibrodos_ashenzari_chains, uniq_crazy_yiuf_cottage, uniq_eustachio
D:5:      layout_gridville, uniq_sigmund, uniq_grinder
D:6:      kennysheep_housing_project, layout_loops_cross, slow_altar_1,
          temple_fountains, serial_shops, nicolae_shop_behind_doors,
          uniq_duvessa
D:7:      layout_layer_cave, chequers_ossuary_entry_cave, grunt_ogre_cave,
          uniq_pikel
D:8:      minmay_quarter_circles, layout_layer_cave, serial_glass,
          glass_columns_a, glass_columns_b, glass_columns_a, glass_columns_b,
          glass_columns_a, glass_columns_a, item_on_display_a,
          dk_yredelemnul_ordeal, uniq_maurice
D:9:      minmay_the_grid_square_5x5_4x4 [minmay_the_grid_square_5x5_v,
          minmay_the_grid_square_5x5_six_small,
          minmay_the_grid_square_5x5_checkered,
          minmay_the_grid_square_5x5_inset,
          minmay_the_grid_square_5x5_tetrominoes,
          minmay_the_grid_square_5x5_prize_open,
          minmay_the_grid_square_5x5_prize_itemx,
          minmay_the_grid_square_5x5_two_walls_b,
          minmay_the_grid_square_5x5_sharp_hourglass,
          minmay_the_grid_square_5x5_prize_deathbox,
          minmay_the_grid_square_5x5_prize_junk,
          minmay_the_grid_square_5x5_fancy_junction,
          minmay_the_grid_square_5x5_spiral, minmay_the_grid_square_5x5_six,
          minmay_the_grid_square_5x5_one_wall,
          minmay_the_grid_square_5x5_longway], layout_basic, demons_altar,
          kiku_gazebo_garden_becter, lair_entry_dummy
D:10:     layout_irregular_city, serial_shops, kennysheep_mini
D:11:     layout_loops_corners, orc_0_dummy, hangedman_decor_push
D:12:     layout_basic, enter_bailey_3, hangedman_abyss_or_decor_lesser_grid
Bailey:   bailey_polearm_5, bailey

Skill      XL: |  1  2  3  4  5  6  7  8  9 10 11 12 |
---------------+-------------------------------------+-----
Invocations    | 1 2 2 5 4 6 7 |  7.4
Short Blades   | 1 2 3 5 6 |  6.8
Axes           | 1 2 3 5 6 |  6.8
Maces & Flails | 1 2 3 5 6 |  6.8
Polearms       | 1 2 3 5 6 |  6.8
Staves         | 1 2 3 5 6 |  6.8
Slings         | 1 2 3 5 6 |  6.8
Bows           | 1 2 3 5 6 |  6.8
Crossbows      | 1 2 3 5 6 |  6.8
Armour         | 1 2 3 5 6 |  6.8
Unarmed Combat | 1 2 3 5 6 |  6.8
Spellcasting   | 1 2 3 5 6 |  6.8
Evocations     | 1 2 3 5 6 |  6.8
Conjurations   | 1 2 4 0 |  0.0
Hexes          | 1 2 4 5 |  5.6
Charms         | 1 2 4 5 |  5.6
Summonings     | 1 2 4 5 |  5.6
Necromancy     | 1 2 4 0 |  0.0
Translocations | 1 2 4 5 |  5.6
Transmutations | 1 2 4 5 |  5.6
Fire Magic     | 1 2 4 0 |  0.0
Ice Magic      | 1 2 4 5 |  5.6
Air Magic      | 1 2 4 5 |  5.6
Earth Magic    | 1 2 4 5 |  5.6
Poison Magic   | 1 2 4 5 |  5.6
Throwing       | 3 5 6 7 |  7.2
Shields        | 3 5 6 7 |  7.2
Stealth        | 3 5 6 7 |  7.2
Fighting       | 5 5 6 7 8 |  8.1
Long Blades    | 5 5 6 7 8 |  8.1
Dodging        | 7 6 7 8 9 |  9.1

Action                   |  1- 3 |  4- 6 |  7- 9 | 10-12 || total
-------------------------+-------+-------+-------+-------++-------
Melee: Falchion          |    76 |   206 |   496 |   467 ||  1245
       Bite              |     7 |    39 |    86 |    84 ||   216
       Punch             |       |     2 |    12 |    10 ||    24
       Dagger            |       |       |   114 |   102 ||   216
       Headbutt          |       |       |       |    14 ||    14
Throw: Dart              |       |       |    39 |    33 ||    72
       Boomerang         |       |       |    28 |    39 ||    67
       Stone             |       |       |     1 |    15 ||    16
       Throwing net      |       |       |       |     3 ||     3
 Cast: Beastly Appendage |       |       |       |     7 ||     7
Invok: Sacrifice Skill   |       |       |     1 |       ||     1
       Sacrifice Experie |       |       |     1 |       ||     1
       Power Leap        |       |       |     2 |    18 ||    20
       Sacrifice Love    |       |       |     1 |       ||     1
       Sacrifice Arcana  |       |       |       |     1 ||     1
Evoke: Wand              |       |       |       |     1 ||     1
  Use: Scroll            |       |     3 |    10 |    11 ||    24
       Potion            |       |     3 |     5 |     5 ||    13
 Stab: Sleeping          |     5 |     6 |     7 |    21 ||    39
       Paralysed         |       |     1 |       |     4 ||     5
       Distracted        |       |       |     5 |    12 ||    17
       Invisible         |       |       |       |     7 ||     7
  Eat: Chunk             |    16 |     8 |    18 |    27 ||    69
Armor: Robe              |    12 |    39 |    63 |    90 ||   204
       Leather armour    |       |     3 |    71 |       ||    74
Dodge: Dodged            |    49 |   155 |   387 |   342 ||   933
       Deflected         |       |     3 |     3 |     8 ||    14
Block: Shield            |       |       |       |   149 ||   149
       Rpst.: Falchion   |    13 |    45 |    92 |    69 ||   219
